APP
SEATTLE (APP) MARINERS @ BLUEFIELD BLUE JAYS
05/13/2046
 
TOP OF THE 1ST
Seattle (APP) Mariners batting - Pitching for Bluefield Blue Jays : LHP Mitchel Larson
Pitching: LHP Mitchel Larson
Batting: RHB Heihachiro Fujita 0-0: Called Strike
0-1: Called Strike
0-2: Strikes out swinging
Batting: RHB John Vasquez 0-0: Called Strike
0-1: Ball
1-1: Foul Ball, location: 2F
1-2: Ground out 1-3 (Groundball, 15S, EV 68.8 MPH)
Batting: RHB Victor Rosas 0-0: Called Strike
0-1: Ground out 5-3 (Groundball, 56, EV 83.8 MPH)
Top of the 1st over - 0 runs, 0 hits, 0 errors, 0 left on base; Seattle (APP) 0 - Bluefield 0
BOTTOM OF THE 1ST
Bluefield Blue Jays batting - Pitching for Seattle (APP) Mariners : RHP Jose Lomas
Pitching: RHP Jose Lomas
Batting: RHB Braydon Pinsent 0-0: Ground out 6-3 (Groundball, 6, EV 76.2 MPH)
Batting: RHB Stephen Casteel 0-0: Ball
1-0: Ground out 6-3 (Groundball, 56, EV 92.5 MPH)
Batting: RHB John Hering 0-0: SOLO HOME RUN (Flyball, 9D, EV 95.0 MPH), Distance : 371 ft
Batting: RHB Bill Murray 0-0: Called Strike
0-1: Foul Ball, location: 2F
0-2: Ground out 5-3 (Groundball, 56, EV 91.9 MPH)
Bottom of the 1st over - 1 run, 1 hit, 0 errors, 0 left on base; Seattle (APP) 0 - Bluefield 1
TOP OF THE 2ND
Seattle (APP) Mariners batting - Pitching for Bluefield Blue Jays : LHP Mitchel Larson
Batting: SHB Ray Skogen 0-0: Ball
1-0: Foul Ball, location: 2F
1-1: Foul Ball, location: 2F
1-2: Ball
2-2: Ball
3-2: Base on Balls
Batting: RHB Ivan Davila 0-0: Ball
1-0: Ball
2-0: Called Strike
2-1: Called Strike
Ray Skogen is caught stealing 2nd base 2-4
2-2: Ball
3-2: Fly out, F7 (Flyball, 7LS, EV 89.4 MPH)
Batting: RHB Kinzo Yokoyama 0-0: Called Strike
0-1: SINGLE (Flyball, 8LS, EV 91.9 MPH)
Batting: RHB Jim Begger 0-0: Ball
1-0: Called Strike
1-1: Foul Ball, location: 2F
1-2: Strikes out swinging
Top of the 2nd over - 0 runs, 1 hit, 0 errors, 1 left on base; Seattle (APP) 0 - Bluefield 1
BOTTOM OF THE 2ND
Bluefield Blue Jays batting - Pitching for Seattle (APP) Mariners : RHP Jose Lomas
Batting: LHB Kurt Estep 0-0: Swinging Strike
0-1: Ground out 4-3 (Groundball, 4S, EV 62.5 MPH)
Batting: SHB Dominik Hasek II 0-0: Foul Ball, location: 2F
0-1: Ball
1-1: Foul Ball, location: 2F
1-2: Strikes out swinging
Batting: RHB Shunsuke Shiba Inu 0-0: Ball
1-0: Fly out, F7 (Flyball, 78D, EV 77.5 MPH)
Bottom of the 2nd over - 0 runs, 0 hits, 0 errors, 0 left on base; Seattle (APP) 0 - Bluefield 1
TOP OF THE 3RD
Seattle (APP) Mariners batting - Pitching for Bluefield Blue Jays : LHP Mitchel Larson
Batting: RHB David Greene 0-0: Swinging Strike
0-1: Ball
1-1: Called Strike
1-2: Strikes out swinging
Batting: RHB Danny Pujols 0-0: SINGLE (Line Drive, 89M, EV 103.8 MPH)
Batting: RHB Heihachiro Fujita 0-0: Foul Ball, location: 2F
0-1: Ball
1-1: Called Strike
1-2: Strikes out looking
Batting: RHB John Vasquez 0-0: Ball
1-0: Foul Ball, location: 2F
1-1: Ball
2-1: Foul Ball, location: 2F
2-2: Foul Ball, location: 2F
2-2: SINGLE (Line Drive, 8RS, EV 100.0 MPH)
Danny Pujols to second
Batting: RHB Victor Rosas 0-0: Called Strike
0-1: Ground out 1-3 (Groundball, P, EV 65.6 MPH)
Top of the 3rd over - 0 runs, 2 hits, 0 errors, 2 left on base; Seattle (APP) 0 - Bluefield 1
BOTTOM OF THE 3RD
Bluefield Blue Jays batting - Pitching for Seattle (APP) Mariners : RHP Jose Lomas
Batting: LHB Eric Toney 0-0: Ball
1-0: Called Strike
1-1: Ball
2-1: Called Strike
2-2: SINGLE (Groundball, 4MD, EV 96.9 MPH)
Batting: RHB Mike Johnson 0-0: Called Strike
0-1: Ball
1-1: Ball
2-1: SINGLE (Line Drive, 4M, EV 96.9 MPH)
Eric Toney to second
Runner from 2nd tries for 3rd, SAFE, no throw by CF
Batting: RHB Braydon Pinsent 0-0: Ball
Mike Johnson steals 2nd base
1-0: Foul Ball, location: 2F
1-1: Foul Ball, location: 2F
1-2: Ball
2-2: Foul Ball, location: 2F
2-2: Foul Ball, location: 2F
2-2: Foul Ball, location: 2F
2-2: Foul Ball, location: 2F
2-2: Ball
3-2: Ground out 6-3 (Groundball, 6, EV 88.1 MPH)
Eric Toney scores
Batting: RHB Stephen Casteel 0-0: Ball
1-0: Called Strike
1-1: Ball
2-1: Foul Ball, location: 2F
2-2: Fly out, F9 (Flyball, 89D, EV 98.8 MPH)
Runner from 2nd tags up, SAFE at 3rd, no throw by RF
Batting: RHB John Hering 0-0: Ball
1-0: Foul Ball, location: 2F
1-1: Ball
2-1: Swinging Strike
2-2: Ball
3-2: Foul Ball, location: 2F
3-2: SINGLE (Groundball, 56S, EV 68.1 MPH) (infield hit)
Mike Johnson scores
Batting: RHB Bill Murray 0-0: Ball
John Hering steals 2nd base
1-0: Called Strike
1-1: Ball
2-1: Foul Ball, location: 2F
2-2: Ball
3-2: Foul Ball, location: 2F
3-2: Ground out 3-1 (Groundball, 13, EV 91.2 MPH)
Bottom of the 3rd over - 2 runs, 3 hits, 0 errors, 1 left on base; Seattle (APP) 0 - Bluefield 3
TOP OF THE 4TH
Seattle (APP) Mariners batting - Pitching for Bluefield Blue Jays : LHP Mitchel Larson
Batting: SHB Ray Skogen 0-0: Ball
1-0: Swinging Strike
1-1: Foul Ball, location: 2F
1-2: Foul Ball, location: 2F
1-2: Foul Ball, location: 2F
1-2: TRIPLE (Flyball, 89XD, EV 99.4 MPH)
Batting: RHB Ivan Davila 0-0: SINGLE (Groundball, 56, EV 102.5 MPH)
Ray Skogen scores
Batting: RHB Kinzo Yokoyama 0-0: Grounds into double play, 6-4-3 (Groundball, 6, EV 101.2 MPH)
Batting: RHB Jim Begger 0-0: Called Strike
0-1: Ball
1-1: Ball
2-1: Foul Ball, location: 2F
2-2: Ball
3-2: TRIPLE (Flyball, 78XD, EV 105.0 MPH)
Batting: RHB David Greene 0-0: Called Strike
0-1: Ball
1-1: Ball
2-1: Reached via error on a dropped throw from 1B, E1 (Groundball, 34, EV 83.1 MPH)
Jim Begger scores
Batting: RHB Danny Pujols 0-0: Called Strike
0-1: Fly out, F8 (Flyball, 89S, EV 89.4 MPH)
Top of the 4th over - 2 runs, 3 hits, 1 error, 1 left on base; Seattle (APP) 2 - Bluefield 3
BOTTOM OF THE 4TH
Bluefield Blue Jays batting - Pitching for Seattle (APP) Mariners : RHP Jose Lomas
Batting: LHB Kurt Estep 0-0: Called Strike
0-1: Ground out 5-3 (Groundball, 56S, EV 83.1 MPH)
Batting: SHB Dominik Hasek II 0-0: DOUBLE (Line Drive, 5D, EV 100.0 MPH)
Batting: RHB Shunsuke Shiba Inu 0-0: Called Strike
0-1: Ball
1-1: Foul Ball, location: 2F
1-2: Reaches on Catchers interference
Batting: LHB Eric Toney 0-0: Called Strike
Dominik Hasek II steals 3rd base
Shunsuke Shiba Inu to second
0-1: Ball
1-1: SINGLE (Line Drive, 56, EV 105.0 MPH)
Dominik Hasek II scores
Shunsuke Shiba Inu to third
Batting: RHB Mike Johnson 0-0: SINGLE (Groundball, 25, EV 77.5 MPH) (infield hit)
Eric Toney to second
Batting: RHB Braydon Pinsent 0-0: Called Strike
0-1: Fly out, F4 (Flyball, 4D, EV 92.5 MPH)
Batting: RHB Stephen Casteel 0-0: Called Strike
0-1: Swinging Strike
0-2: Foul Ball, location: 2F
0-2: Ball
1-2: Ball
2-2: Ball
3-2: Foul Ball, location: 2F
3-2: Base on Balls
Shunsuke Shiba Inu scores
Eric Toney to third
Mike Johnson to second
Pitching: RHP Ramon Pedroza
Batting: RHB John Hering 0-0: Ball
1-0: Called Strike
1-1: Swinging Strike
1-2: Ball
2-2: Ball
3-2: GRAND SLAM HOME RUN (Flyball, 78XD, EV 104.4 MPH), Distance : 418 ft
Batting: RHB Bill Murray 0-0: Ball
1-0: Ball
2-0: Ball
3-0: Base on Balls
Batting: LHB Kurt Estep 0-0: Ball
1-0: 2-RUN HOME RUN (Flyball, 9D, EV 96.2 MPH), Distance : 366 ft
Batting: SHB Dominik Hasek II 0-0: Called Strike
0-1: Foul Ball, location: 2F
0-2: Ball
1-2: Strikes out swinging
Bottom of the 4th over - 8 runs, 5 hits, 1 error, 0 left on base; Seattle (APP) 2 - Bluefield 11
TOP OF THE 5TH
Seattle (APP) Mariners batting - Pitching for Bluefield Blue Jays : LHP Mitchel Larson
Batting: RHB Heihachiro Fujita 0-0: Ball
1-0: Called Strike
1-1: Foul Ball, location: 2F
1-2: Strikes out looking
Batting: RHB John Vasquez 0-0: Called Strike
0-1: Foul Ball, location: 2F
0-2: Fly out, F8 (Flyball, 8RM, EV 73.1 MPH)
Batting: RHB Victor Rosas 0-0: Ball
1-0: Called Strike
1-1: SINGLE (Groundball, 6M, EV 95.0 MPH)
Batting: SHB Ray Skogen 0-0: Ball
1-0: Called Strike
1-1: Foul Ball, location: 2F
1-2: Strikes out swinging
Top of the 5th over - 0 runs, 1 hit, 0 errors, 1 left on base; Seattle (APP) 2 - Bluefield 11
BOTTOM OF THE 5TH
Bluefield Blue Jays batting - Pitching for Seattle (APP) Mariners : RHP Ramon Pedroza
Batting: RHB Shunsuke Shiba Inu 0-0: Ground out 6-3 (Groundball, 56, EV 95.0 MPH)
Batting: LHB Eric Toney 0-0: Ball
1-0: Called Strike
1-1: Foul Ball, location: 2F
1-2: Strikes out looking
Batting: RHB Mike Johnson 0-0: Called Strike
0-1: Ball
1-1: Foul Ball, location: 2F
1-2: SINGLE (Groundball, 56S, EV 75.6 MPH) (infield hit)
Batting: RHB Braydon Pinsent 0-0: Ground out 4-3 (Groundball, 4, EV 103.1 MPH)
Bottom of the 5th over - 0 runs, 1 hit, 0 errors, 1 left on base; Seattle (APP) 2 - Bluefield 11
TOP OF THE 6TH
Seattle (APP) Mariners batting - Pitching for Bluefield Blue Jays : LHP Mitchel Larson
Batting: RHB Ivan Davila 0-0: Ball
1-0: Ball
2-0: Ball
3-0: Base on Balls
Batting: RHB Kinzo Yokoyama 0-0: Called Strike
0-1: Ball
1-1: SINGLE (Groundball, 56S, EV 65.6 MPH) (infield hit)
Ivan Davila to second
Batting: RHB Jim Begger 0-0: Ball
1-0: Swinging Strike
1-1: Grounds into double play, 6-4-3 (Groundball, 6S, EV 86.2 MPH)
Ivan Davila to third
Batting: RHB David Greene 0-0: SINGLE (Groundball, 5S, EV 71.2 MPH) (infield hit)
Ivan Davila scores
Batting: RHB Danny Pujols 0-0: Ball
1-0: Fielders Choice at 2nd, 5-4 (Groundball, 5, EV 89.4 MPH)
Top of the 6th over - 1 run, 2 hits, 0 errors, 1 left on base; Seattle (APP) 3 - Bluefield 11
BOTTOM OF THE 6TH
Bluefield Blue Jays batting - Pitching for Seattle (APP) Mariners : RHP Ramon Pedroza
Batting: RHB Stephen Casteel 0-0: Ground out U3 (Groundball, 34S, EV 82.5 MPH)
Batting: RHB John Hering 0-0: Swinging Strike
0-1: Swinging Strike
0-2: Ball
1-2: Strikes out swinging, 2-3 out at first.
Batting: RHB Bill Murray 0-0: Swinging Strike
0-1: Foul Ball, location: 2F
0-2: Strikes out looking
Bottom of the 6th over - 0 runs, 0 hits, 0 errors, 0 left on base; Seattle (APP) 3 - Bluefield 11
TOP OF THE 7TH
Seattle (APP) Mariners batting - Pitching for Bluefield Blue Jays : LHP Mitchel Larson
Batting: RHB Heihachiro Fujita 0-0: Ball
1-0: Ball
2-0: Ball
3-0: Called Strike
3-1: Swinging Strike
3-2: Foul Ball, location: 2F
3-2: Foul Ball, location: 2F
3-2: Base on Balls
Batting: RHB John Vasquez 0-0: Ball
1-0: Ball
2-0: Called Strike
2-1: Foul Ball, location: 2F
2-2: Foul Ball, location: 2F
2-2: Ball
3-2: Foul Ball, location: 2F
3-2: Base on Balls
Heihachiro Fujita to second
Pitching: RHP Gu Won
Batting: RHB Victor Rosas 0-0: Called Strike
0-1: Ball
1-1: Called Strike
1-2: Fly out, F8 (Flyball, 8RXD, EV 96.2 MPH)
Runner from 2nd tags up, SAFE at 3rd, no throw by CF
Batting: SHB Ray Skogen 0-0: Ball
1-0: Ball
2-0: Ball
3-0: Base on Balls
John Vasquez to second
Batting: RHB Ivan Davila 0-0: Called Strike
0-1: Ball
1-1: Ground out 5-3 (Groundball, 56S, EV 77.5 MPH)
Heihachiro Fujita scores
John Vasquez to third
Ray Skogen to second
Batting: RHB Kinzo Yokoyama 0-0: Called Strike
0-1: Ball
1-1: Foul Ball, location: 2F
1-2: Ball
2-2: Ball
3-2: Ground out 6-3 (Groundball, 56, EV 101.9 MPH)
Top of the 7th over - 1 run, 0 hits, 0 errors, 2 left on base; Seattle (APP) 4 - Bluefield 11
BOTTOM OF THE 7TH
Bluefield Blue Jays batting - Pitching for Seattle (APP) Mariners : RHP Ramon Pedroza
Batting: LHB Kurt Estep 0-0: Ball
1-0: Called Strike
1-1: Ball
2-1: Foul Ball, location: 2F
2-2: Ball
3-2: Base on Balls
Pitching: RHP Bill Porter
Batting: SHB Dominik Hasek II 0-0: Ball
Kurt Estep steals 2nd base
1-0: Ball
2-0: Ball
3-0: Called Strike
3-1: Called Strike
3-2: DOUBLE (Flyball, 8RXD, EV 91.9 MPH)
Kurt Estep scores
Batting: RHB Shunsuke Shiba Inu 0-0: Called Strike
0-1: Foul Ball, location: 2F
0-2: Ball
1-2: SINGLE (Groundball, 5S, EV 65.6 MPH) (infield hit)
Dominik Hasek II to third
Batting: LHB Eric Toney 0-0: Called Strike
0-1: Ball
Shunsuke Shiba Inu steals 2nd base (no throw)
1-1: SINGLE (Groundball, 34D, EV 106.2 MPH)
Dominik Hasek II scores
Shunsuke Shiba Inu to third
Runner from 3rd tries for Home, SAFE, throw by RF to home
Eric Toney to second
Batting: RHB Mike Johnson 0-0: Called Strike
0-1: Ball
1-1: Called Strike
1-2: Strikes out swinging
Batting: RHB Braydon Pinsent 0-0: Ball
1-0: DOUBLE (Groundball, 5L, EV 102.5 MPH)
Eric Toney scores
Pinch Hitting: RHB Ed Swafford 0-0: Swinging Strike
0-1: Swinging Strike
0-2: Ball
1-2: Strikes out looking
Batting: RHB John Hering 0-0: Called Strike
0-1: Ball
1-1: Ball
2-1: Ball
3-1: Base on Balls
Batting: RHB Bill Murray 0-0: Called Strike
0-1: Foul Ball, location: 2F
0-2: Foul Ball, location: 2F
0-2: Ball
1-2: Ball
2-2: Foul Ball, location: 2F
2-2: Ball
3-2: SINGLE (Groundball, 6MD, EV 102.5 MPH)
Braydon Pinsent to third
John Hering to second
Braydon Pinsent scores
John Hering to third
Pitching: RHP Frank Cabrera
Batting: LHB Kurt Estep 0-0: 3-RUN HOME RUN (Flyball, 9LD, EV 94.4 MPH), Distance : 356 ft
Batting: SHB Dominik Hasek II 0-0: Called Strike
0-1: Ball
1-1: Called Strike
1-2: Foul Ball, location: 2F
1-2: Ball
2-2: Ball
3-2: Base on Balls
Batting: RHB Shunsuke Shiba Inu 0-0: Called Strike
0-1: Swinging Strike
0-2: Foul Ball, location: 2F
0-2: Ball
1-2: Ball
2-2: Strikes out swinging
Bottom of the 7th over - 8 runs, 6 hits, 0 errors, 1 left on base; Seattle (APP) 4 - Bluefield 19
TOP OF THE 8TH
Seattle (APP) Mariners batting - Pitching for Bluefield Blue Jays : RHP Gu Won
Now at 2B: Shunsuke Shiba Inu
Now at SS: Lothar Middelkoop
Batting: RHB Jim Begger 0-0: Ground out 1-3 (Groundball, 13, EV 70.6 MPH)
Batting: RHB David Greene 0-0: Ball
1-0: Ball
2-0: Ball
3-0: Called Strike
3-1: Called Strike
3-2: Base on Balls
Pinch Hitting: RHB Jwahir Pili 0-0: Fielders Choice at 2nd, 6-4 (Groundball, 6S, EV 85.6 MPH)
Batting: RHB Heihachiro Fujita 0-0: Called Strike
0-1: Ball
1-1: 2-RUN HOME RUN (Line Drive, 7D, EV 98.1 MPH), Distance : 387 ft
Batting: RHB John Vasquez 0-0: Ball
1-0: Ball
2-0: Swinging Strike
2-1: DOUBLE (Flyball, 8RXD, EV 104.4 MPH)
Batting: RHB Victor Rosas 0-0: Called Strike
0-1: Fly out, F8 (Flyball, 8LS, EV 93.1 MPH)
Top of the 8th over - 2 runs, 2 hits, 0 errors, 1 left on base; Seattle (APP) 6 - Bluefield 19
BOTTOM OF THE 8TH
Bluefield Blue Jays batting - Pitching for Seattle (APP) Mariners : RHP Frank Cabrera
Now at 3B: Jwahir Pili
Batting: LHB Eric Toney 0-0: Called Strike
0-1: Foul Ball, location: 2F
0-2: Ball
1-2: Fly out, F8 (Flyball, 8LD, EV 92.5 MPH)
Batting: RHB Mike Johnson 0-0: Ball
1-0: Ball
2-0: Ball
3-0: Called Strike
3-1: DOUBLE (Line Drive, 9LM, EV 88.1 MPH)
Batting: RHB Braydon Pinsent 0-0: Ball
1-0: 2-RUN HOME RUN (Flyball, 7D, EV 97.5 MPH), Distance : 379 ft
Batting: LHB Lothar Middelkoop 0-0: Ball
1-0: Foul Ball, location: 2F
1-1: Ball
2-1: Swinging Strike
2-2: Fly out, F9 (Flyball, 89M, EV 85.0 MPH)
Batting: RHB John Hering 0-0: Ball
1-0: Called Strike
1-1: Foul Ball, location: 2F
1-2: Fly out, F8 (Flyball, 8RD, EV 88.1 MPH)
Bottom of the 8th over - 2 runs, 2 hits, 0 errors, 0 left on base; Seattle (APP) 6 - Bluefield 21
TOP OF THE 9TH
Seattle (APP) Mariners batting - Pitching for Bluefield Blue Jays : RHP Gu Won
Batting: SHB Ray Skogen 0-0: Called Strike
0-1: Ball
1-1: Ball
2-1: Ball
3-1: Base on Balls
Batting: RHB Ivan Davila 0-0: Ball
1-0: Foul Ball, location: 2F
1-1: Foul Ball, location: 2F
1-2: Ball
2-2: Foul Ball, location: 2F
2-2: Ball
3-2: Base on Balls
Ray Skogen to second
Batting: RHB Kinzo Yokoyama 0-0: Ball
1-0: Foul Ball, location: 2F
1-1: Grounds into double play, 4-6-3 (Groundball, 4, EV 85.0 MPH)
Ray Skogen to third
Pinch Hitting: SHB Carlos Luna 0-0: Ball
1-0: Ball
2-0: Ball
3-0: Base on Balls
Batting: RHB David Greene 0-0: Called Strike
0-1: Ground out 5-3 (Groundball, 56S, EV 88.8 MPH)
Top of the 9th over - 0 runs, 0 hits, 0 errors, 2 left on base; Seattle (APP) 6 - Bluefield 21
Tuesday, September 13th , 2022 - OOTP Baseball 23.7 Build 88